 Dungeon Crawl Stone Soup version 0.29-a0-330-g52719c12eb (webtiles) character file.

Game seed: 6112025806028513807

736 gruber the Destroyer (level 7, 0/36 HPs)
             Began as a Deep Elf Conjurer on May 1, 2022.
             Was an Initiate of Vehumet.
             Slain by a killer bee (3 damage)
             ... on level 5 of the Dungeon.
             The game lasted 00:05:32 (5526 turns).

gruber the Destroyer (Deep Elf Conjurer)            Turns: 5526, Time: 00:05:33

Health: 0/36       AC:  4    Str:  4    XL:     7   Next: 46%
Magic:  10/15      EV: 12    Int: 28    God:    Vehumet [......]
Gold:   169        SH:  0    Dex: 13    Spells: 7/14 levels left

rFire   . . .      SeeInvis .   m - staff of conjuration
rCold   . . .      Faith    .   (no shield)
rNeg    + . .      Spirit   .   a - +0 robe
rPois   .          Reflect  .   p - +1 helmet {Int+3}
rElec   .          Harm     .   (no cloak)
rCorr   .          Rampage  .   (no gloves)
Will    .....                   (no boots)
Stlth   ++........              (no amulet)
HPRegen 0.12/turn               y - ring of positive energy
MPRegen 0.14/turn               (no ring)

@: no status effects
A: no striking features
a: Renounce Religion


You were on level 5 of the Dungeon.
You worshipped Vehumet.
Vehumet was noncommittal.
You visited 2 branches of the dungeon, and saw 6 of its levels.

You collected 169 gold pieces.

Inventory:

Hand Weapons
 l - a +2 dagger of holy wrath
 n - a +3 spear
 t - the +5 whip of Momn {drain, Fly rN++ Str-4 Int+3}
   (You found it on level 3 of the Dungeon)

   A truly terrible weapon, it drains the life of any living foe it strikes.
   Str:       It affects your strength (-4).
   Int:       It affects your intelligence (+3).
   rN:        It greatly protects you from negative energy.
   Fly:       It grants you flight.
Armour
 a - a +0 robe (worn)
 p - a +1 helmet of intelligence (worn)
Magical Staves
 m - a staff of conjuration (weapon)
 v - a staff of poison
Jewellery
 h - an amulet of faith
 y - a ring of positive energy (left hand)
Wands
 o - a wand of iceblast (8)
Scrolls
 c - 3 scrolls of magic mapping {unknown}
 d - a scroll of brand weapon {unknown}
 e - a scroll of enchant armour {unknown}
 f - 4 scrolls of enchant weapon {unknown}
 g - 5 scrolls of identify {unknown}
 r - 2 scrolls of teleportation {unknown}
 s - a scroll of blinking {unknown}
 u - 3 scrolls of noise {unknown}
Potions
 b - 2 potions of magic
 i - 2 potions of haste {unknown}
 j - 2 potions of brilliance {unknown}
 k - 2 potions of heal wounds {unknown}
 q - a potion of invisibility {unknown}
 w - 2 potions of resistance {unknown}
 x - 2 potions of attraction {unknown}
 z - a potion of degeneration {unknown}


   Skills:
 - Level 2.4 Dodging
 - Level 2.4 Stealth
 - Level 4.0 Spellcasting
 + Level 9.8 Conjurations
 - Level 1.0 Evocations


You had 7 spell levels left.
You knew the following spells:

 Your Spells              Type           Power      Damage    Failure   Level
a - Magic Dart            Conj           100%       1d8       1%          1
b - Searing Ray           Conj           100%       2d8       1%          2
c - Fulminant Prism       Conj/Hex       24%        3d13      10%         4

Your spell library contained the following spells:

 Spells                   Type           Power      Damage    Failure   Level
 Dazzling Flash           Conj/Hex       98%        N/A       3%          3
 Sting                    Tmut/Pois      20%        1d4       8%          1
 Iskenderun's Mystic Bla  Conj/Tloc      49%        2d11      10%         4
 Poisonous Vapours        Pois/Air       10%        N/A       11%         2
 Olgreb's Toxic Radiance  Pois           5%         N/A       58%         4


Dungeon Overview and Level Annotations

Branches:
Dungeon (5/15)             Temple (1/1) D:4

Altars:
Ashenzari
Cheibriados
Dithmenos
Elyvilon
Fedhas
Hepliaklqana
Nemelex Xobeh
Okawaru
Qazlal
Ru
Trog
Vehumet
Yredelemnul
Zin
The Shining One

Shops:
D:5 [

Annotations:
D:3 1 runed translucent door, night's ghost, amateur BaHu


Message History

The magic dart hits the killer bee but does no damage.
You feel a surge of power!
The magic dart hits the killer bee.
The killer bee is lightly wounded.
You feel a surge of power!
The magic dart hits the killer bee!
The killer bee is heavily wounded.
The killer bee stings you but does no damage.
The killer bee stings you.
You are poisoned.
The killer bee poisons you!
The killer bee attacks as you move away!
The killer bee stings you.
You feel sick. The killer bee misses you.
You feel sick. The killer bee closely misses you.
The killer bee attacks as you move away!
The killer bee misses you.
You feel sick. The killer bee stings you.
You see here an adder corpse.
The killer bee attacks as you move away!
The killer bee closely misses you.
You feel sick. The killer bee stings you.
The killer bee attacks as you move away!
The killer bee stings you.
You feel sick. The killer bee closely misses you.
You feel sick.
You are no longer poisoned.
The killer bee stings you but does no damage.
The killer bee stings you!
* * * LOW HITPOINT WARNING * * *
Casting: Magic Dart (safe; 1% risk of failure)
Confirm with . or Enter, or press ? or * to list all spells.
Aiming: Searing Ray (safe; 1% risk of failure)
Press: ? - help, Shift-Dir - straight line, f/p - killer bee
Aim: a killer bee (heavily wounded, 65% to hit)
You feel a surge of power!
The searing ray misses the killer bee. (Press . to maintain the ray.)
The killer bee closely misses you. The killer bee barely misses you.
Unknown command.
Unknown command.
The searing ray hits the killer bee.
The killer bee is severely wounded.
The killer bee stings you.
* * * LOW HITPOINT WARNING * * *
The killer bee stings you.
You die...

#. #.# ########. #.#
....... .##.# .....# ..
....... ..#.# .....#...
..<.... #.#.# #....#.#
....... #h#.# #......
.......##8#.#######....#
...........†..y@......>#
..8.....#<######.###.#.#
........#........)..†<.#
.....##.#∩######.#.#.#.#
....# #.#.# ...........
.... #.#8# ###...#.#.###
... #.#.# #.#.#.#.# ..
#.#.# ###.#.#.# #.#
#.#.#.#


You could see a killer bee.

Vanquished Creatures
  Grinder (D:4)
  An ice beast (D:3)
  A phantom (D:4)
  A scorpion (D:4)
  A necrophage (D:4)
  2 orc priests (D:3)
  An iguana (D:3)
  3 gnolls (D:4)
  5 adders
  3 worms
  3 dart slugs
  6 orcs
  10 endoplasms
  4 giant cockroaches
  3 hobgoblins
  6 jackals
  11 quokkas
  7 ball pythons
  10 bats
  4 frilled lizards
  3 goblins
  9 kobolds
  5 rats
100 creatures vanquished.

Vanquished Creatures (others)
  2 fulminant prisms (D:4)
  7 plants (D:1)
9 creatures vanquished.

Grand Total: 109 creatures vanquished

Notes
Turn   | Place    | Note
-------+----------+-------------------------------------------
     0 | D:1      | gruber the Deep Elf Conjurer began the quest for the Orb.
     0 | D:1      | Reached XP level 1. HP: 10/10 MP: 6/6
   127 | D:1      | Reached XP level 2. HP: 15/15 MP: 4/8
   415 | D:1      | Reached skill level 5 in Conjurations
   970 | D:1      | Reached XP level 3. HP: 19/19 MP: 2/9
  1233 | D:2      | Learned a level 2 spell: Searing Ray
  1704 | D:2      | Found a faded altar of an unknown god.
  1964 | D:2      | Reached XP level 4. HP: 24/24 MP: 4/12
  1969 | D:2      | Learned a level 4 spell: Fulminant Prism
  2416 | D:3      | Identified the +5 whip of Momn {drain, Fly rN++ Str-4
                  | Int+3}
  2629 | D:3      | Reached skill level 6 in Conjurations
  2834 | D:3      | Found a runed translucent door.
  2940 | D:3      | Reached XP level 5. HP: 15/28 MP: 3/13
  3209 | D:3      | Noticed an ice beast
  3218 | D:3      | Killed an ice beast
  3219 | D:3      | Reached skill level 7 in Conjurations
  3762 | D:3      | Noticed night's ghost (amateur BaHu)
  3789 | D:3      | Reached XP level 6. HP: 17/32 MP: 8/14
  3999 | D:4      | Reached skill level 8 in Conjurations
  4583 | D:4      | Noticed Grinder
  4585 | D:4      | Paralysed by Grinder for 3 turns
  4602 | D:4      | Killed Grinder
  4603 | D:4      | Reached skill level 9 in Conjurations
  4603 | D:4      | Reached skill level 1 in Evocations
  4603 | D:4      | Reached XP level 7. HP: 25/36 MP: 2/15
  4912 | D:4      | Found a staircase to the Ecumenical Temple.
  5018 | Temple   | Entered the Ecumenical Temple
  5171 | Temple   | Became a worshipper of Vehumet
  5434 | D:5      | Entered Level 5 of the Dungeon
  5461 | D:5      | Found Wuirph's Antique Armour Shoppe.
  5526 | D:5      | Slain by a killer bee

Illustrated notes

Levels and vault maps discovered:
D:1:      psy_arrival_spokes, layout_basic, chequers_serial_rivers_micro_d,
          lexackson_kobold_supper
D:2:      layout_basic, dreamdust_ecumenical_altar_angels_and_demons
D:3:      cheibrodos_pilgrimage, layout_basic, ebering_ghost_sewer_d
D:4:      layout_cave_pods, minmay_temple_entry_drinking_statues, uniq_grinder
D:5:      layout_basic, serial_shops, shop_statue, st_stairs_1
Temple:   eino_temple_rhombus

Skill      XL: |  1  2  3  4  5  6 |
---------------+-------------------+-----
Conjurations   | 5 6 7 9 |  9.8
Spellcasting   | 4 |  4.0
Evocations     | 1 |  1.0
Dodging        | |  2.4
Stealth        | |  2.4

Action                   |  1- 3 |  4- 6 |  7- 9 || total
-------------------------+-------+-------+-------++-------
 Cast: Magic Dart        |    85 |    85 |    18 ||   188
       Searing Ray       |       |     9 |     5 ||    14
       Fulminant Prism   |       |     2 |       ||     2
Evoke: Wand              |       |     5 |       ||     5
Armor: Robe              |     3 |       |     3 ||     6
Dodge: Dodged            |     5 |    13 |    10 ||    28

Table legend: (Time is in decaauts)
 A = Elapsed time spent in this place.
 B = Non-inter-level travel time spent in this place.
 C = Inter-level travel time spent in this place.
 D = Time resting spent in this place.
 E = Time spent auto-exploring this place.
 F = Levels seen in this place.
 G = Mean time per level.
                   A        B        C        D        E       F      G
               +--------+--------+--------+--------+--------+-----+--------+
         Total |   5524 |   5281 |    243 |      0 |   4809 |   6 |  920.7 |
       Dungeon |   5355 |   5156 |    199 |      0 |   4696 |   5 | 1071.0 |
        Temple |    169 |    125 |     44 |      0 |    113 |   1 |  169.0 |
               +--------+--------+--------+--------+--------+-----+--------+

Top non-repeatable levels by time:
     D:3: 1639 daAuts
     D:4: 1306 daAuts
     D:1: 1221 daAuts
     D:2: 1096 daAuts
  Temple: 169 daAuts
     D:5: 91 daAuts
